 Dungeon Crawl Stone Soup version 0.31.0-1-g2c135a008e (webtiles) character file.

Game seed: 16956635256708849760

870 qw the Shooter (level 8, -1/63 HPs)
             Began as a Djinni Hunter on Jan 23, 2024.
             Slain by Pikel
             ... wielding a +1 whip of freezing
              (6 damage)
             ... on level 5 of the Dungeon.
             The game lasted 00:05:39 (9545 turns).

qw the Shooter (Djinni Hunter)                      Turns: 9545, Time: 00:05:40

Health: -1/63      AC:  6    Str:  9    XL:     8   Next: 24%
Gold:   257        EV: 12    Int: 10    God:
                   SH:  0    Dex: 23

rFire   + + +        a - +0 shortbow
rCold   x . .        (shield currently unavailable)
rNeg    . . .        i - +0 ring mail
rPois   inf          f - +0 helmet
rElec   .            (no cloak)
rCorr   .            (no gloves)
SInv    +            (boots unavailable)
Will    .....        e - amulet of the acrobat
Stlth   +            d - ring of see invisible
HPRegen 0.30/turn    j - ring of protection from fire
MPRegen 0.00/turn

%: acrobat, infuse magic (-2 HP)
@: flying
A: sickness immunity, fire resistance 2, cold vulnerability 1, float, innate
caster, HP casting, extra vitality 1, agile 1, robust 1
a: no special abilities


You were on level 5 of the Dungeon.
You visited 1 branch of the dungeon, and saw 5 of its levels.

You collected 257 gold pieces.


Innate Abilities, Weirdness & Mutations

You are immune to sickness and miasma.
You are immune to poison.
Your flesh is very heat resistant. (rF++)
You are vulnerable to cold. (rC-)
You float through the air rather than walking.
You learn spells naturally, not from books.
Your magical power is your life essence.
You have superior vitality. (+4 MHP)
You are agile. (Dex +4, Str/Int -1)
You are robust. (+10% HP)


   Skills:
 - Level 4.6 Fighting
 + Level 6.3 Ranged Weapons
 - Level 2.1 Armour
 - Level 4.1 Dodging
 - Level 0.7 Stealth


You knew the following spells:

 Your Spells              Type           Power      Damage    Failure   Level
a - Kiss of Death         Conj/Necr      0%         2d5       71%         1
b - Call Imp              Summ           0%         N/A       83%         2
c - Passwall              Erth           0%         N/A       97%         3
Your spell library was empty.

Inventory:

Hand Weapons
 a - a +0 shortbow (weapon)
Armour
 f - a +0 helmet (worn)
 i - a +0 ring mail (worn)
Jewellery
 d - a ring of see invisible (left hand)
 e - an amulet of the acrobat (around neck)
 j - a ring of protection from fire (right hand)
 Y - a ring of positive energy
Wands
 c - a wand of flame (23)
Scrolls
 b - a scroll of revelation {unknown}
Potions
 h - a potion of curing

Dungeon Overview and Level Annotations

Branches:
Dungeon (5/15)             Temple (0/1) D:5

Altars:
Trog
Zin

Shops:
D:3 =

Annotations:
D:5 Blork the orc, Edmund, Pikel


Message History

The arrow hits Pikel but does no damage.
Pikel is heavily wounded.
Pikel completely misses you. The lemure closely misses you.
Pikel hits you but does no damage.
You shoot an arrow. The arrow hits Pikel.
Pikel is heavily wounded.
The lemure barely misses you.
Pikel hits you with a +1 whip of freezing.
Pikel freezes you. The lemure hits you.
You shoot an arrow. The arrow hits Pikel!
Pikel is severely wounded.
Pikel says, "You'll freeze in Cocytus!"
Pikel barely misses you. The lemure hits you.
You shoot an arrow. The arrow barely misses Pikel.
Pikel hits you with a +1 whip of freezing.
Pikel freezes you. The lemure hits you.
You shoot an arrow. The arrow hits Pikel.
Pikel is almost dead.
Pikel misses you. The lemure hits you but does no damage.
Pikel barely misses you.
You shoot an arrow. The arrow closely misses Pikel.
The lemure hits you but does no damage.
Pikel hits you with a +1 whip of freezing.
Pikel freezes you. The lemure barely misses you.
You shoot an arrow. The arrow hits Pikel.
Pikel is almost dead.
Pikel hits you with a +1 whip of freezing.
Pikel freezes you. The lemure barely misses you.
You shoot an arrow.
The arrow hits Pikel but does no damage.
Pikel is almost dead.
Pikel cracks his whip.
Pikel hits you with a +1 whip of freezing.
Pikel freezes you. The lemure hits you.
You shoot an arrow.
The arrow hits Pikel but does no damage.
Pikel is almost dead.
Pikel hits you with a +1 whip of freezing.
You die...
Pikel says, "Another soul for the market."

##.....<....#
##.....5..##
###......# #####
###....# ##..[#
###.## .....########
#..#
#...........#####5.#
###.####........#KJ#
###
#........@55#######
#.......###.>.....#
#.......# ###...$.#
#.......# ##.....#
#.....### #.J#..##
#....## #..####
#...## #..## #.##
...# ....


You could see Pikel, 3 lemures and a jelly.

Vanquished Creatures
  A steam dragon (D:5)
  A black bear (D:5)
  An ogre (D:5)
  A lemure (D:5)
  2 scorpions
  A howler monkey (D:5)
  2 hounds
  An orc priest (D:4)
  Jessica (D:3)
  An iguana (D:5)
  3 orc wizards (D:5)
  8 adders
  A gnoll (D:1)
  6 dart slugs
  A ribbon worm (D:3)
  5 orcs
  11 ball pythons
  14 bats
  10 endoplasms
  4 giant cockroaches
  7 hobgoblins
  3 jackals (D:4)
  5 quokkas
  4 frilled lizards
  10 goblins
  9 kobolds
  4 rats
  A spectral goblin (D:1)
118 creatures vanquished.

Notes
Turn   | Place    | Note
-------+----------+-------------------------------------------
     0 | D:1      | qw the Djinni Hunter began the quest for the Orb.
     0 | D:1      | Reached XP level 1. HP: 18/18 MP: 0/0
     0 | D:1      | 0 ||| qw: Version: 0.3-a-132-g3d54051
     0 | D:1      | 0 ||| qw: Game counter: 663
     0 | D:1      | 0 ||| qw: Melee chars always use a shield: true
     0 | D:1      | 0 ||| qw: God list: Okawaru
     0 | D:1      | 0 ||| qw: Allow faded altars: false
     0 | D:1      | 0 ||| qw: Do Orc after clearing Dungeon:15 true
     0 | D:1      | 0 ||| qw: Do second Lair branch before Depths: true
     0 | D:1      | 0 ||| qw: Lair rune preference: random
     0 | D:1      | 0 ||| qw: Goals: Normal
     0 | D:1      | 0 ||| PLANNING D:1-11
    47 | D:1      | Reached XP level 2. HP: 22/23 MP: 0/0
   252 | D:1      | Found a faded altar of an unknown god.
   336 | D:1      | Reached XP level 3. HP: 28/28 MP: 0/0
   336 | D:1      | Learned a level 1 spell: Kiss of Death
   358 | D:1      | Reached skill level 4 in Ranged Weapons
   864 | D:1      | 864 ||| UPGRADING to amulet of the acrobat.
   869 | D:1      | 869 ||| UPGRADING to ring of see invisible.
   870 | D:1      | 870 ||| READING 3 scrolls labelled BUTODO FOAC.
   871 | D:1      | 871 ||| READING scroll labelled JESTRU DUPPEGUTUEG.
   874 | D:1      | 874 ||| READING scroll labelled BUCEKUM NIOZACHOY.
   874 | D:1      | 874 ||| IDENTIFYING silvery potion
   875 | D:1      | 875 ||| DRINKING 2 emerald potions.
   875 | D:1      | Gained mutation: You are weak. (Str -2) [potion of
                  | mutation]
   875 | D:1      | Gained mutation: Your body sometimes deteriorates upon
                  | taking damage. [potion of mutation]
   875 | D:1      | Gained mutation: Your body often deteriorates upon taking
                  | damage. [potion of mutation]
   876 | D:1      | 876 ||| DRINKING potion of mutation.
   876 | D:1      | Lost mutation: You are weak. (Str -2) [potion of mutation]
   876 | D:1      | Lost mutation: Your body often deteriorates upon taking
                  | damage. [potion of mutation]
   876 | D:1      | Lost mutation: Your body sometimes deteriorates upon taking
                  | damage. [potion of mutation]
   876 | D:1      | Gained mutation: Your mind is acute. (Int +4, Str/Dex -1)
                  | [potion of mutation]
   876 | D:1      | Gained mutation: You passively dampen the noise of your
                  | surroundings. [potion of mutation]
   876 | D:1      | Gained mutation: You occasionally lose the ability to read
                  | scrolls when taking damage. [potion of mutation]
   877 | D:1      | 877 ||| DROPPING scroll of butterflies.
   878 | D:1      | 878 ||| DROPPING 2 scrolls of fog.
  1037 | D:2      | Reached skill level 3 in Fighting
  1037 | D:2      | Reached XP level 4. HP: 26/35 MP: 0/0
  1037 | D:2      | 1037 ||| FLEEEEING.
  1416 | D:2      | You are sucked into a shaft and drop 2 floors!
  1417 | D:4      | 1417 ||| FLEEEEING.
  1421 | D:4      | 1421 ||| STAIRDANCE
  1441 | D:3      | Found Letuub's Jewellery Boutique.
  1453 | D:3      | 1453 ||| SHOPLISTING +5 ring of evasion (432 gold, have
                  | 102).
  1453 | D:3      | 1453 ||| SHOPLISTING amulet of faith (480 gold, have 102).
  1453 | D:3      | 1453 ||| SHOPLISTING ring "Iwkefot" {rPois Str-4 SInv
                  | Stlth+} (247 gold, have 102).
  1453 | D:3      | 1453 ||| SHOPLISTING ring of positive energy (240 gold,
                  | have 102).
  1453 | D:3      | 1453 ||| SHOPLISTING ring of resist corrosion (240 gold,
                  | have 102).
  1519 | D:3      | Noticed Jessica
  1527 | D:3      | HP: 7/35 [Jessica/+1 dagger of venom (3)]
  1533 | D:3      | Killed Jessica
  1534 | D:3      | Reached skill level 3 in Dodging
  1534 | D:3      | Reached XP level 5. HP: 10/40 MP: 0/0
  1534 | D:3      | Learned a level 2 spell: Call Imp
  1683 | D:3      | 1683 ||| FLEEEEING.
  1691 | D:3      | 1691 ||| STAIRDANCE
  2029 | D:2      | 2029 ||| UPGRADING to +0 ring mail.
  2039 | D:2      | 2039 ||| DROPPING +0 leather armour.
  2040 | D:2      | 2040 ||| UPGRADING to ring of positive energy.
  2041 | D:2      | 2041 ||| READING scroll labelled AMIATT GOIBYE.
  2069 | D:3      | 2069 ||| STAIRDANCE
  2130 | D:3      | 2130 ||| FLEEEEING.
  2138 | D:3      | 2138 ||| STAIRDANCE
  2211 | D:3      | Reached skill level 1 in Armour
  2259 | D:3      | 2259 ||| FLEEEEING.
  2268 | D:3      | 2268 ||| STAIRDANCE
  2291 | D:2      | 2291 ||| READING scroll of identify.
  2291 | D:2      | 2291 ||| IDENTIFYING pink potion
  2312 | D:3      | 2312 ||| FLEEEEING.
  2628 | D:3      | 2628 ||| READING scroll labelled VINTUX ZIRUDD.
  2629 | D:3      | 2629 ||| READING scroll labelled KASIAMASTI.
  2730 | D:4      | 2730 ||| DRINKING potion of mutation.
  2730 | D:4      | Lost mutation: You passively dampen the noise of your
                  | surroundings. [potion of mutation]
  2730 | D:4      | Lost mutation: Your mind is acute. (Int +4, Str/Dex -1)
                  | [potion of mutation]
  2730 | D:4      | Lost mutation: You occasionally lose the ability to read
                  | scrolls when taking damage. [potion of mutation]
  2730 | D:4      | Gained mutation: You are agile. (Dex +4, Str/Int -1)
                  | [potion of mutation]
  2730 | D:4      | Gained mutation: You are robust. (+10% HP) [potion of
                  | mutation]
  2786 | D:4      | Reached XP level 6. HP: 48/50 MP: 0/0
  2857 | D:4      | Found a glowing silver altar of Zin.
  2857 | D:4      | Noticed an angel
  3144 | D:4      | Reached skill level 5 in Ranged Weapons
  3144 | D:4      | 3144 ||| FLEEEEING.
  3330 | D:4      | 3330 ||| FLEEEEING.
  3339 | D:4      | 3339 ||| STAIRDANCE
  3371 | D:3      | 3371 ||| UPGRADING to ring of protection from fire.
  3373 | D:3      | 3373 ||| READING scroll labelled POYZ ISCHOSUIR.
  3374 | D:3      | 3374 ||| READING scroll labelled RUHOOMN PAMUXA.
  3469 | D:5      | Entered Level 5 of the Dungeon
  3515 | D:5      | 3515 ||| FLEEEEING.
  3521 | D:5      | Noticed a black bear
  3530 | D:5      | Killed a black bear
  3531 | D:5      | Reached XP level 7. HP: 35/58 MP: 0/0
  3531 | D:5      | Learned a level 3 spell: Passwall
  3648 | D:5      | 3648 ||| DRINKING potion of curing.
  3648 | D:5      | 3648 ||| (to cure confusion)
  3655 | D:5      | 3655 ||| FLEEEEING.
  3776 | D:5      | Noticed a steam dragon
  3787 | D:5      | Killed a steam dragon
  3788 | D:5      | Reached skill level 6 in Ranged Weapons
  3788 | D:5      | 3788 ||| FLEEEEING.
  3820 | D:5      | Reached XP level 8. HP: 43/63 MP: 0/0
  3820 | D:5      | 3820 ||| FLEEEEING.
  3958 | D:5      | Noticed Pikel
  3972 | D:5      | 3972 ||| RETREEEEATING.
  3974 | D:5      | HP: 12/63 [lemure[Pikel] (5)]
  3975 | D:5      | 3975 ||| READING 2 scrolls of teleportation.
  3976 | D:5      | 3976 ||| DRINKING potion of heal wounds.
  4109 | D:5      | Found a staircase to the Ecumenical Temple.
  4110 | D:5      | 4110 ||| PLANNING TEMPLE
  4110 | D:5      | 4110 ||| FLEEEEING.
  4120 | D:5      | 4120 ||| UPGRADING to +0 helmet.
  4125 | D:5      | 4125 ||| FLEEEEING.
  4132 | D:5      | 4132 ||| STAIRDANCE
  4134 | D:4      | 4134 ||| READING scroll of identify.
  4134 | D:4      | 4134 ||| IDENTIFYING scroll labelled RORPHAB KUROZEN
  4135 | D:4      | 4135 ||| DROPPING scroll of fear.
  9141 | D:4      | 9141 ||| qw: Version: 0.3-a-132-g3d54051
  9141 | D:4      | 9141 ||| qw: Game counter: 663
  9141 | D:4      | 9141 ||| qw: Melee chars always use a shield: true
  9141 | D:4      | 9141 ||| qw: God list: Okawaru
  9141 | D:4      | 9141 ||| qw: Allow faded altars: false
  9141 | D:4      | 9141 ||| qw: Do Orc after clearing Dungeon:15 true
  9141 | D:4      | 9141 ||| qw: Do second Lair branch before Depths: true
  9141 | D:4      | 9141 ||| qw: Lair rune preference: random
  9141 | D:4      | 9141 ||| qw: Goals: Normal
  9141 | D:4      | 9141 ||| PLANNING TEMPLE
  9152 | D:5      | Found a bloodstained altar of Trog.
  9156 | D:5      | Noticed Edmund
  9158 | D:5      | 9158 ||| qw: Version: 0.3-a-134-g2ba4250
  9158 | D:5      | 9158 ||| qw: Game counter: 663
  9158 | D:5      | 9158 ||| qw: Melee chars always use a shield: true
  9158 | D:5      | 9158 ||| qw: God list: Okawaru
  9158 | D:5      | 9158 ||| qw: Allow faded altars: false
  9158 | D:5      | 9158 ||| qw: Do Orc after clearing Dungeon:15 true
  9158 | D:5      | 9158 ||| qw: Do second Lair branch before Depths: true
  9158 | D:5      | 9158 ||| qw: Lair rune preference: random
  9158 | D:5      | 9158 ||| qw: Goals: Normal
  9158 | D:5      | 9158 ||| PLANNING TEMPLE
  9169 | D:5      | Noticed Blork the orc
  9170 | D:5      | HP: 14/63 [Edmund/+0 flail of holy wrath (3)]
  9171 | D:5      | 9171 ||| READING scroll of teleportation.
  9525 | D:5      | 9525 ||| RETREEEEATING.
  9543 | D:5      | HP: 14/63 [Pikel/+1 whip of freezing (4)]
  9544 | D:5      | HP: 5/63 [lemure[Pikel] (6)]
  9545 | D:5      | Slain by Pikel

Levels and vault maps discovered:
D:1:      dpeg_arrival_ternary, layout_loops_corners,
          dreamdust_ecumenical_altar_drowned_temple
D:2:      layout_basic, basic_altar
D:3:      cheibrodos_helix_gallery, layout_basic, serial_shops, shop,
          uniq_jessica
D:4:      layout_basic, zin_angel
D:5:      layout_cave_pods, trog_three_pillars_becter, temple_doors_e,
          uniq_edmund, uniq_blork_the_orc, uniq_pikel

Skill      XL: |  1  2  3  4  5  6  7  8 |
---------------+-------------------------+-----
Ranged Weapons | 4 5 6 |  6.3
Fighting       | 3 4 |  4.6
Dodging        | 3 4 |  4.1
Armour         | 1 2 |  2.1
Stealth        | |  0.7

Action                     |  1- 3 |  4- 6 |  7- 9 || total
---------------------------+-------+-------+-------++-------
   Fire: Shortbow          |    78 |   271 |   132 ||   481
    Use: Scroll            |     3 |     6 |     3 ||    12
         Potion            |     2 |     1 |     2 ||     5
 Armour: Leather armour    |    15 |    14 |       ||    29
         Ring mail         |       |   119 |    86 ||   205
  Dodge: Dodged            |    17 |   124 |    71 ||   212

Table legend:
 A = Non-vault XP
 B = Vault XP
 C = Vault XP percentage of total XP
 D = Non-vault monster count
 E = Vault monster count
 F = Vault count percentage of total count
                 A         B        C        D         E       F
            +---------+---------+-------+---------+---------+-------
      Total |    1200 |      43 |   3.5 |     113 |       4 |   3.4
            +---------+---------+-------+---------+---------+-------
        D:1 |      62 |       1 |   1.6 |      26 |       1 |   3.7
        D:2 |      44 |       0 |   0.0 |      21 |       0 |   0.0
        D:3 |      77 |      42 |  35.3 |      25 |       3 |  10.7
        D:4 |     249 |       0 |   0.0 |      26 |       0 |   0.0
        D:5 |     768 |       0 |   0.0 |      15 |       0 |   0.0
            +---------+---------+-------+---------+---------+-------
